 Dungeon Crawl Stone Soup version 0.22.1-5-g62c59d9 (webtiles) character file.

532 Tr0llz0r the Chopper (level 7, 0/52 HPs)
             Began as a Demonspawn Gladiator on Jan 9, 2019.
             Was an Initiate of Okawaru.
             Slain by a quasit (3 damage)
             ... on level 4 of the Dungeon.
             The game lasted 00:13:18 (4476 turns).

Tr0llz0r the Chopper (Demonspawn Gladiator)         Turns: 4476, Time: 00:13:19

Health: 0/52       AC:  7    Str: 17      XL:     7   Next: 3%
Magic:  7/7        EV:  9    Int:  9      God:    Okawaru [......]
Gold:   219        SH:  8    Dex:  7 (17) Spells: 6/6 levels left

rFire    . . .     SeeInvis .   a - +2 war axe
rCold    . . .     Gourm    .   p - +1 shield
rNeg     . . .     Faith    .   r - +0 ring mail
rPois    .         Spirit   .   c - +0 helmet
rElec    .         Reflect  .   e - +0 cloak
rCorr    .         Harm     .   (no gloves)
MR       .....                  (no boots)
Stlth    +.........             (no amulet)
HPRegen  0.17/turn              k - +3 ring of dexterity
MPRegen  0.10/turn              (no ring)

@: no status effects
A: talons 2, powered by pain 1, sturdy frame 1
a: Renounce Religion


You were on level 4 of the Dungeon.
You worshipped Okawaru.
Okawaru was noncommittal.
You were not hungry.

You visited 1 branch of the dungeon, and saw 4 of its levels.

You collected 219 gold pieces.

Inventory:

Hand Weapons
 a - a +2 war axe (weapon)
Missiles
 d - a throwing net (quivered)
 h - 68 stones
 l - 18 bolts
 n - 11 javelins
 s - 4 tomahawks
 t - 43 arrows
Armour
 c - a +0 helmet (worn)
 e - a +0 cloak (worn)
 p - a +1 shield (worn)
 r - a +0 ring mail (worn)
Jewellery
 k - a +3 ring of dexterity (left hand)
Scrolls
 j - 4 scrolls of amnesia
 o - 6 scrolls of identify
Comestibles
 f - 3 rations


   Skills:
 + Level 3.2 Fighting
 + Level 5.1 Axes
 + Level 2.1 Throwing
 + Level 2.1 Armour
 + Level 4.1 Dodging
 + Level 1.1 Stealth
 + Level 1.0 Shields


You had 6 spell levels left.
You didn't know any spells.
Your spell library contained the following spells:

 Spells                   Type           Power        Failure   Level  Hunger
 Animate Skeleton         Necr           N/A          98%         1    ##.....
 Pain                     Necr           #...         98%         1    ##.....
 Regeneration             Chrm/Necr      #.........   100%        3    ####...
 Vampiric Draining        Necr           #.........   100%        3    ####...
 Animate Dead             Necr           N/A          100%        4    #####..


Dungeon Overview and Level Annotations

Branches:
Dungeon (4/15)
 Temple: D:4-7

Altars:
Gozag
Okawaru
Wu Jian

Annotations:
D:4 Heatsaber's ghost, amateur VSFi


Innate Abilities, Weirdness & Mutations

You have razor-sharp toenails.
You sometimes gain a little power by taking damage.
Your movements are slightly less encumbered by armour. (ER -2)


Message History

The quasit claws you but does no damage. x2
You climb downwards.
Level annotation: Heatsaber's ghost, amateur VSFi
There is a stone staircase leading up here.
The quasit closely misses you. The quasit barely misses you.
The quasit claws you but does no damage.
You block the quasit's attack.
The quasit claws you but does no damage. x2
The quasit bites you but does no damage.
The quasit claws you.
* * * LOW HITPOINT WARNING * * *
You feel clumsy.
The quasit claws you but does no damage.
You block the quasit's attack.
The quasit claws you but does no damage.
You block the quasit's attack. The quasit barely misses you.
You block the quasit's attack.
The quasit claws you but does no damage.
The quasit bites you.
You die...

############
#..........#
#..........#
#..........#
#...5......# ####
#..@.......# #..#
######..........#
##.##
#...............#
#..#
#...............#
#..#
#..............<##
#..#
#................#
#..#
#.....#####.####.#
#..## #.....#
##.####.####....
######[....#
##...............


You could see a quasit.

Vanquished Creatures
  2 scorpions (D:4)
  A howler monkey (D:4)
  2 quasits (D:4)
  A hound (D:4)
  2 orc priests (D:4)
  Jessica (D:3)
  3 worker ants (D:4)
  5 adders
  An ooze (D:1)
  A worm (D:2)
  5 dart slugs
  4 leopard geckos
  13 orcs
  A ball python (D:3)
  3 giant cockroaches
  5 goblins
  6 hobgoblins
  8 bats
  A frilled lizard (D:1)
  6 kobolds
  A quokka skeleton (D:4)
  5 rats
77 creatures vanquished.

Notes
Turn   | Place    | Note
-------+----------+-------------------------------------------
     0 | D:1      | Tr0llz0r the Demonspawn Gladiator began the quest for the
                  | Orb.
     0 | D:1      | Reached XP level 1. HP: 16/16 MP: 1/1
   355 | D:1      | Gained mutation: You sometimes gain a little power by
                  | taking damage. [demonic ancestry]
   355 | D:1      | Reached XP level 2. HP: 20/22 MP: 2/2
   578 | D:1      | You fall through a shaft!
   611 | D:2      | Reached skill level 3 in Axes
   626 | D:2      | Gained mutation: Your movements are slightly less
                  | encumbered by armour. (ER -2) [demonic ancestry]
   626 | D:2      | Reached XP level 3. HP: 21/27 MP: 3/3
   661 | D:2      | Found an opulent altar of Gozag.
  1596 | D:2      | Gained mutation: You have sharp toenails. [demonic
                  | ancestry]
  1596 | D:2      | Reached XP level 4. HP: 34/34 MP: 4/4
  1752 | D:2      | Found an ornate altar of the Wu Jian Council.
  3000 | D:3      | Gained mutation: You have razor-sharp toenails. [demonic
                  | ancestry]
  3000 | D:3      | Reached XP level 5. HP: 36/39 MP: 5/5
  3066 | D:3      | Noticed Jessica
  3075 | D:3      | Killed Jessica
  3075 | D:3      | Reached skill level 4 in Axes
  3075 | D:3      | Reached skill level 1 in Armour
  3107 | D:4      | Found an iron altar of Okawaru.
  3374 | D:4      | Became a worshipper of Warmaster Okawaru
  3406 | D:4      | Reached XP level 6. HP: 37/47 MP: 6/6
  3429 | D:4      | Noticed Heatsaber's ghost (amateur VSFi)
  3439 | D:4      | Found a transporter.
  3476 | D:4      | Found a transporter.
  3920 | D:4      | Reached skill level 1 in Stealth
  4015 | D:4      | Reached skill level 5 in Axes
  4396 | D:4      | Reached skill level 1 in Shields
  4403 | D:4      | Reached XP level 7. HP: 30/52 MP: 7/7
  4410 | D:4      | HP: 1/52 [quasit (2)]
  4423 | D:4      | HP: 2/52 [quasit (1)]
  4460 | D:4      | HP: 2/52 [quasit (3)]
  4469 | D:4      | HP: 2/52 [quasit (1)]
  4476 | D:4      | Slain by a quasit

Skill      XL: |  1  2  3  4  5  6 |
---------------+-------------------+-----
Dodging        | 3 4 |  4.1
Axes           | 3 4 5 |  5.1
Throwing       | 2 |  2.1
Armour         | 1 2 |  2.1
Fighting       | 3 |  3.2
Stealth        | 1 |  1.1
Shields        | 1 |  1.0

Action                   |  1- 3 |  4- 6 |  7- 9 || total
-------------------------+-------+-------+-------++-------
Melee: War axe           |    92 |   138 |     5 ||   235
       Kick              |       |    35 |     3 ||    38
Throw: Throwing net      |       |     3 |       ||     3
  Use: Potion            |     3 |     7 |       ||    10
       Scroll            |     2 |    13 |       ||    15
  Eat: Ration            |     1 |     3 |       ||     4
Armor: Leather armour    |    32 |    20 |       ||    52
       Ring mail         |       |   111 |    71 ||   182
Dodge: Dodged            |    92 |   177 |    47 ||   316
Block: Shield            |       |    81 |    32 ||   113
